 Dungeon Crawl Stone Soup version 0.19-a0-944-gb338e1e (webtiles) character file.

242657 Charly the Brawler (level 19, -13/171 HPs)
             Began as a Ghoul Monk on July 9, 2016.
             Was a High Priest of Cheibriados.
             Mangled by a deep troll (16 damage)
             ... led by an ironheart preserver
             ... on level 4 of the Vaults.
             The game lasted 03:22:53 (10392 turns).

Charly the Brawler (Ghoul Monk)                    Turns: 10392, Time: 03:22:54

Health: -13/171    AC: 24    Str: 28    XL:     19   Next: 39%
Magic:  1/24       EV: 21    Int: 19    God:    Cheibriados [*****.]
Gold:   1151       SH: 24    Dex: 34    Spells: 1 memorised, 25 levels left

rFire  + . .     SeeInvis +       - Unarmed
rCold  + . .     Gourm    .     F - +2 fire dragon armour
rNeg   + + +     Faith    .     m - +3 large shield
rPois  ∞         Spirit   .     l - +2 helmet {SInv}
rElec  +         Dismiss  .     H - +3 cloak of Time Monsters {rElec rF- Dex+9 Stlth-}
rCorr  .         Reflect  .     (no gloves)
SustAt .         Harm     .     y - +0 pair of boots
MR     +....                    (no amulet)
Stlth  +.........               v - +1 ring of evasion
                                c - ring of protection from cold

@: about to teleport, very slightly contaminated, rotting, very slow, somewhat
resistant to hostile enchantments, very unstealthy
A: rotting body, claws 1, carnivore 3, cold resistance 1, negative energy
resistance 3, slow regeneration 1, torment resistance, unbreathing
a: Bend Time, Temporal Distortion, Slouch, Step From Time, Renounce Religion
}: 2/15 runes: decaying, serpentine


You were on level 4 of the Vaults.
You worshipped Cheibriados.
Cheibriados was extremely pleased with you.
You were not hungry.

You visited 7 branches of the dungeon, and saw 36 of its levels.
You also visited: Labyrinth and Ice Cave.

You collected 1302 gold pieces.
You spent 151 gold pieces at shops.

Inventory:

Armour
 l - a +2 helmet of see invisible (worn)
 m - a +3 large shield (worn)
 y - a +0 pair of boots (worn)
 F - a +2 fire dragon armour (worn)
 H - the +3 cloak of Time Monsters (worn) {rElec rF- Dex+9 Stlth-}
   (You found it on level 2 of the Vaults)

   It affects your dexterity (+9).
   It makes you vulnerable to fire.
   It insulates you from electricity.
   It makes you less stealthy.
Magical Staves
 A - an uncursed staff of power
Jewellery
 c - a ring of protection from cold (left claw)
 f - an uncursed ring of protection from fire
 i - an uncursed ring of see invisible
 n - an uncursed ring of flight
 v - a +1 ring of evasion (right claw)
 C - an uncursed ring of resist corrosion
Wands
 e - a wand of paralysis (0/24)
 j - a wand of iceblast (5/15)
 D - a wand of teleportation (2/9)
Scrolls
 a - a scroll of recharging
 r - 5 scrolls of remove curse
 s - a scroll of fog
 w - 2 scrolls of magic mapping
 G - a scroll of amnesia
Potions
 d - 4 potions of flight
 g - 2 potions of brilliance
 h - a potion of curing
 p - a potion of resistance
 q - 2 potions of agility
 E - a potion of might {unknown}
Books
 k - an Akashic Record

   Spells                             Type                      Level
   a - Dispersal                      Translocation                6
   b - Malign Gateway                 Summoning/Translocation      7
   c - Disjunction                    Translocation                8
   d - Controlled Blink               Translocation                8
Miscellaneous
 t - a fan of gales
Comestibles
 b - 4 meat rations


   Skills:
 + Level 15.6 Fighting
 - Level 12.7 Armour
 + Level 10.4 Dodging
 - Level 2.1 Stealth
 + Level 11.9 Shields
 + Level 19.2 Unarmed Combat
 - Level 4.5 Spellcasting
 - Level 4.9 Charms
 - Level 4.7 Air Magic
 - Level 5.6 Invocations


You had 25 spell levels left.
You knew the following spells:

 Your Spells              Type           Power        Failure   Level  Hunger
r - Repel Missiles        Chrm/Air       ###...       30%         2    #......


Dungeon Overview and Level Annotations

Branches:
Dungeon (15/15)            Temple (1/1) D:6            Lair (6/6) D:8
  Swamp (4/4) Lair:2        Snake (4/4) Lair:4          Orc (1/2) D:9
 Vaults (5/5) D:13          Crypt (0/3) Vaults:2
  Slime: Lair:5-6    Depths: D:15

Altars:
Ashenzari
Cheibriados
Elyvilon
Fedhas
Gozag
Hepliaklqana
Kikubaaqudgha
Makhleb
Nemelex Xobeh
Qazlal
Ru
Sif Muna
Trog
Uskayaw
Vehumet
Xom
Yredelemnul
Zin
The Shining One

Shops:
Vaults:2 *

Portals:
Trove: D:13 (give 6 potions of haste)

Annotations:
D:7 exclusion: downstairs
D:8 1 exclusion
Lair:4 1 exclusion
Lair:5 Shenda's ghost, journeyman MiFi
Lair:6 exclusion: upstairs
Swamp:4 Scytalen's ghost, adept FoFi
Snake:4 3 exclusions


Innate Abilities, Weirdness & Mutations

Your body is rotting away.
You thrive on raw meat.
You are immune to poison.
You have sharp fingernails.
You are carnivorous and can eat meat at any time.
Your flesh is cold resistant. (rC+)
You are immune to negative energy. (rN+++)
You regenerate slowly when monsters are visible.
You are immune to unholy pain and torment.
You can survive without breathing.


Message History

Adjust (i)tems, (s)pells, or (a)bilities?
Adjust which ability?
No such ability.
Drop what? 30/52 slots (_ for help) (? for menu, Esc to quit)
Okay, then.
Adjust (i)tems, (s)pells, or (a)bilities?
Adjust which ability?
No such ability.
You step out of the flow of time.
You return to the normal time flow.
You feel somewhat more hungry.
Cheibriados lowers the support of your attributes as your movement quickens.
A fire giant comes into view.
It is wielding a great sword of flaming.
The fire giant shouts!
The orc warrior shouts!
The fire giant closely misses you. You block the orc warrior's attack. x2
Okay, then.
As you read the scroll of teleportation, it crumbles to dust.
You feel strangely unstable. You block the orc's attack.
You block the fire giant's attack. You block the orc warrior's attack.
The deep troll bites you!
You die...

. #########
...
#.oo..#.#..#.
#...ooC......
########
#..cT@.....#
#.......
#...T..#.#...
#.......
#....###
#.......
#....
#.......
#....
#.......
#...T
#.......
#####
########


You could see a fire giant, a yaktaur captain, an orc knight, 3 deep trolls, 2
orc warriors and an orc.

Vanquished Creatures
  7 greater nagas (Snake:4)
  A frost giant (Vaults:2)
  4 vault wardens
  11 ironheart preservers
  3 stone giants
  A deep elf demonologist (Vaults:3)
  5 deep elf annihilators
  3 deep elf death magi
  An ettin (D:14)
  A minotaur (Lab)
  A yaktaur captain (Vaults:2)
  A jiangshi (Vaults:2)
  A great orb of eyes (Vaults:4)
  2 fire dragons
  2 ice dragons
  8 naga warriors (Snake:4)
  2 rakshasas
  14 hydras
  24 vault guards
  4 centaur warriors
  10 anacondas
  5 alligators
  5 ogre magi
  A deep troll earth mage (Vaults:2)
  A deep troll shaman (Vaults:2)
  4 death knights
  9 naga sharpshooters
  5 shock serpents
  2 deep elf knights
  A soul eater (Vaults:2)
  7 sea snakes (Snake:4)
  A storm dragon skeleton (Vaults:4)
  2 skeletal warriors
  A shadow wraith (Vaults:4)
  2 deep trolls (Vaults:2)
  A spriggan druid (Swamp:3)
  A giant orange brain (Vaults:2)
  4 shambling mangroves
  3 phantasmal warriors
  A flayed ghost (Vaults:4)
  8 swamp dragons
  Pikel (D:4)
  5 ironbrand convokers
  A shadow dragon zombie (Vaults:4)
  2 deep elf archers
  2 naga ritualists
  A necromancer (Vaults:4)
  A hill giant (D:11)
  3 harpies (Vaults:3)
  12 deep elf magi
  An anubis guard (shapeshifter) (D:13)
  6 orc knights
  6 mana vipers
  2 hornets
  A wolf spider zombie (D:14)
  An oklob plant (Lair:6)
  A wizard (D:14)
  An orc sorcerer (Vaults:4)
  3 griffons
  3 wolf spiders
  3 salamanders
  2 ugly things
  3 cyclopes
  A manticore (D:11)
  A black mamba (shapeshifter) (D:13)
  A fire giant skeleton (Vaults:4)
  9 naga magi (Snake:4)
  8 vault sentinels
  9 gargoyles
  3 guardian serpents (Snake:4)
  14 spiny frogs
  14 black mambas
  A centaur zombie (D:14)
  2 centaur skeletons
  A torpor snail (Lair:6)
  A spiny frog (shapeshifter) (Vaults:1)
  7 yaktaurs
  4 kobold demonologists
  A storm dragon simulacrum (Vaults:4)
  3 rime drakes (Lair:6)
  4 komodo dragons
  6 freezing wraiths
  A queen bee (shapeshifter) (Vaults:2)
  A meliai (shapeshifter) (D:13)
  3 giant leeches
  7 two-headed ogres
  2 trolls
  4 blink frogs
  4 bog bodies
  10 slime creatures
  2 boulder beetles
  A human simulacrum (Vaults:4)
  25 yaks
  Sigmund (D:5)
  5 water elementals (D:14)
  3 spriggans
  A shadow (Swamp:3)
  2 vampires (D:13)
  2 wraiths
  3 wyverns
  2 basilisks (Lair:6)
  2 steam dragons
  A hungry ghost (D:9)
  3 hippogriffs
  20 vampire mosquitoes
  4 mottled dragons
  13 swamp worms
  27 nagas
  5 insubstantial wisps (Swamp:3)
  2 wargs (Vaults:2)
  A hydra simulacrum (IceCv)
  An iron troll simulacrum (IceCv)
  4 water moccasins
  17 swamp drakes
  9 orc warriors
  A porcupine (Lair:3)
  2 ice beasts
  A black bear (D:8)
  An alligator simulacrum (IceCv)
  10 wasps
  An eye of draining (D:13)
  An ettin simulacrum (Vaults:2)
  A necrophage (D:14)
  A phantom (D:14)
  4 sky beasts
  15 ogres
  2 slaves (D:4)
  2 black bears (shapeshifter)
  An ogre (shapeshifter) (Vaults:2)
  7 centaurs
  9 crocodiles
  A giant frog (D:11)
  4 scorpions
  5 killer bees (D:10)
  7 wights
  4 electric eels
  4 lava snakes (Lab)
  A wasp zombie (D:8)
  4 crimson imps
  A hound (D:5)
  2 jellies
  A giant frog zombie (D:6)
  13 orc priests
  8 orc wizards
  A giant frog skeleton (D:13)
  7 iguanas
  6 worker ants
  17 sheep
  A wolf simulacrum (IceCv)
  2 centaur simulacra (IceCv)
  2 hound zombies
  A hound skeleton (D:8)
  3 gnolls (D:9)
  3 adders
  15 river rats
  4 shadow imps
  2 white imps (IceCv)
  An ufetubus (IceCv)
  An ooze (D:7)
  A worm (D:3)
  3 giant geckos
  39 orcs
  A ball python (D:2)
  A giant cockroach (D:8)
  A hobgoblin (D:3)
  6 jackals (D:6)
  A kobold (D:2)
  4 quokkas
  A bat (D:1)
  A giant gecko skeleton (D:7)
  A giant newt (D:1)
  5 goblins
  5 rats
759 creatures vanquished.

Vanquished Creatures (others)
  A spriggan druid (Swamp:4)
  A deep elf mage (Vaults:2)
  2 ugly things (D:13)
  A two-headed ogre (D:13)
  2 scorpions (D:13)
  A worker ant (D:13)
  An ufetubus (IceCv)
  A fire vortex (Lair:6)
  8 plants
18 creatures vanquished.

Grand Total: 777 creatures vanquished

Notes
Turn   | Place    | Note
-------+----------+-------------------------------------------
     0 | D:1      | Charly the Ghoul Monk began the quest for the Orb.
     0 | D:1      | Reached XP level 1. HP: 19/19 MP: 0/0
   157 | D:2      | Reached skill level 4 in Unarmed Combat
   157 | D:2      | Reached XP level 2. HP: 16/26 MP: 1/1
   350 | D:3      | Reached XP level 3. HP: 25/30 MP: 2/2
   461 | D:4      | Reached skill level 5 in Unarmed Combat
   461 | D:4      | Reached XP level 4. HP: 32/38 MP: 3/3
   490 | D:5      | Entered Level 5 of the Dungeon
   498 | D:5      | Noticed Sigmund
   537 | D:5      | Noticed a centaur
   554 | D:4      | Reached skill level 6 in Unarmed Combat
   554 | D:4      | Reached XP level 5. HP: 30/45 MP: 4/4
   602 | D:5      | Noticed a slave
   603 | D:5      | Noticed a slave
   603 | D:5      | Noticed a slave
   605 | D:5      | Noticed a slave
   609 | D:5      | Noticed Pikel
   650 | D:4      | Killed a slave
   671 | D:4      | Killed a slave
   734 | D:4      | Killed Pikel
   734 | D:4      | Reached skill level 9 in Unarmed Combat
   734 | D:4      | Reached XP level 6. HP: 26/51 MP: 5/5
   734 | D:4      | Reached XP level 7. HP: 29/57 MP: 6/6
   835 | D:5      | Killed Sigmund
   835 | D:5      | Reached XP level 8. HP: 59/66 MP: 7/7
   883 | D:5      | Reached skill level 10 in Unarmed Combat
  1019 | D:5      | Reached skill level 5 in Fighting
  1211 | D:8      | Noticed a two-headed ogre
  1211 | D:8      | Noticed a wyvern
  1266 | D:7      | Reached skill level 11 in Unarmed Combat
  1374 | D:6      | Found a staircase to the Ecumenical Temple.
  1378 | D:6      | Reached XP level 9. HP: 66/74 MP: 8/8
  1386 | Temple   | Entered the Ecumenical Temple
  1546 | Temple   | Became a worshipper of Cheibriados the Contemplative
  1546 | Temple   | Reached * piety under Cheibriados
  1546 | Temple   | Reached ** piety under Cheibriados
  1668 | D:7      | Found a blossoming altar of Fedhas.
  1832 | D:8      | Reached skill level 12 in Unarmed Combat
  1853 | D:8      | Killed a two-headed ogre
  2079 | D:8      | Reached *** piety under Cheibriados
  2206 | D:9      | Found a staircase to the Orcish Mines.
  2218 | D:9      | Reached skill level 13 in Unarmed Combat
  2226 | D:9      | Reached XP level 10. HP: 71/88 MP: 9/9
  2262 | Orc:1    | Entered Level 1 of the Orcish Mines
  2319 | D:10     | Entered Level 10 of the Dungeon
  2338 | D:10     | Reached skill level 1 in Invocations
  2391 | D:11     | Noticed a white ugly thing
  2398 | D:11     | Killed a white ugly thing
  2426 | D:11     | Reached **** piety under Cheibriados
  2427 | D:11     | Noticed a cyclops
  2428 | D:11     | Noticed a manticore
  2450 | D:11     | Killed a cyclops
  2450 | D:11     | Reached skill level 5 in Invocations
  2458 | D:11     | Killed a manticore
  2505 | D:11     | Noticed a hill giant
  2524 | D:11     | 14/7/16
  2533 | D:11     | Killed a hill giant
  2533 | D:11     | Reached skill level 1 in Shields
  2533 | D:11     | Reached skill level 14 in Unarmed Combat
  2543 | D:11     | Reached XP level 11. HP: 52/94 MP: 14/14
  2797 | D:10     | 14/7/18
  2819 | D:10     | Reached ***** piety under Cheibriados
  2935 | D:8      | Found a staircase to the Lair.
  2952 | Lair:1   | Entered Level 1 of the Lair of Beasts
  3065 | Lair:2   | Found a staircase to the Swamp.
  3092 | Lair:2   | Noticed a seven-headed hydra
  3204 | Lair:4   | Found a labyrinth entrance.
  3210 | Lab      | Entered a labyrinth
  3222 | Lab      | Reached skill level 15 in Unarmed Combat
  3431 | Lab      | Noticed a minotaur
  3439 | Lab      | Killed a minotaur
  3500 | Lair:4   | Found a staircase to the Snake Pit.
  3521 | Lair:5   | 18/6/20
  3539 | Lair:5   | Got an iridescent dagger
  3540 | Lair:5   | Identified the +4 dagger of Toph {pierce, -Tele rF+ Dex+3} (You found it on level 5 of the Lair of Beasts)
  3545 | Lair:6   | Entered Level 6 of the Lair of Beasts
  3561 | Lair:6   | Reached skill level 10 in Fighting
  3581 | Lair:5   | Noticed Shenda's ghost (journeyman MiFi)
  3595 | Lair:6   | Reached skill level 1 in Armour
  3613 | Lair:6   | Found a sacrificial altar of Ru.
  3642 | Lair:6   | Noticed a four-headed hydra
  3650 | Lair:6   | Killed a four-headed hydra
  3670 | Lair:6   | Noticed an eight-headed hydra
  3681 | Lair:6   | Killed an eight-headed hydra
  3681 | Lair:6   | Reached XP level 12. HP: 59/107 MP: 15/15
  3746 | Lair:6   | Reached skill level 16 in Unarmed Combat
  3975 | Lair:6   | Reached ****** piety under Cheibriados
  4031 | Lair:6   | Noticed a fire dragon
  4041 | Lair:6   | Killed a fire dragon
  4237 | Lair:4   | 21/7/21
  4259 | Snake:1  | Entered Level 1 of the Snake Pit
  4288 | Snake:1  | Found a white marble altar of Elyvilon.
  4289 | Snake:1  | Noticed an anaconda
  4292 | Snake:1  | Killed an anaconda
  4319 | Snake:2  | Noticed a shock serpent
  4322 | Snake:2  | Reached skill level 5 in Shields
  4322 | Snake:2  | Killed a shock serpent
  4323 | Snake:2  | Noticed an anaconda
  4323 | Snake:2  | Noticed a shock serpent
  4326 | Snake:2  | Killed an anaconda
  4326 | Snake:2  | Reached skill level 5 in Armour
  4326 | Snake:2  | Reached XP level 13. HP: 70/117 MP: 1/16
  4511 | Snake:4  | Entered Level 4 of the Snake Pit
  4699 | Snake:4  | Noticed a greater naga
  4717 | Snake:4  | Killed a greater naga
  4730 | Snake:4  | Found a frozen archway.
  4730 | Snake:4  | Noticed an ice dragon
  4743 | Snake:4  | Killed an ice dragon
  4750 | IceCv    | Entered an ice cave
  4884 | Snake:4  | Noticed a greater naga
  4997 | Snake:4  | Reached XP level 14. HP: 97/129 MP: 15/17
  5025 | Snake:4  | Killed a greater naga
  5045 | Snake:4  | Noticed a greater naga
  5147 | Snake:4  | Noticed a greater naga
  5176 | Snake:4  | Killed a greater naga
  5189 | Snake:4  | HP: 4/129 [black mamba (7)]
  5526 | Snake:4  | Noticed a greater naga
  5543 | Snake:4  | Killed a greater naga
  5681 | Snake:4  | Identified a scroll of acquirement
  5691 | Snake:4  | Noticed a greater naga
  5716 | Snake:4  | Killed a greater naga
  5751 | Snake:4  | Killed a greater naga
  5771 | Snake:4  | Reached XP level 15. HP: 70/139 MP: 14/18
  5844 | Snake:4  | Reached skill level 17 in Unarmed Combat
  5857 | Snake:4  | Noticed a greater naga
  5870 | Snake:4  | Reached skill level 5 in Dodging
  6010 | Snake:4  | Killed a greater naga
  6034 | Snake:4  | Got a serpentine rune of Zot
  6260 | Lair:2   | Reached skill level 10 in Armour
  6309 | Swamp:1  | Entered Level 1 of the Swamp
  6333 | Swamp:1  | 24/10/22
  6500 | Swamp:1  | Reached skill level 15 in Fighting
  6623 | Swamp:4  | Entered Level 4 of the Swamp
  6645 | Swamp:4  | Noticed Scytalen's ghost (adept FoFi)
  7053 | Swamp:4  | Reached XP level 16. HP: 136/149 MP: 19/19
  7161 | Swamp:4  | Got a decaying rune of Zot
  7229 | Swamp:2  | 25/13/24
  7504 | D:10     | You fall through a shaft!
  7592 | D:13     | Found a portal to a secret trove of treasure.
  7746 | D:15     | Entered Level 15 of the Dungeon
  7776 | D:14     | Reached skill level 10 in Shields
  7776 | D:14     | Reached skill level 18 in Unarmed Combat
  7776 | D:14     | Reached XP level 17. HP: 156/156 MP: 20/20
  8446 | D:13     | Found a gate to the Vaults.
  8454 | Vaults:1 | Entered Level 1 of the Vaults
  8922 | Vaults:3 | Reached XP level 18. HP: 84/163 MP: 21/21
  9439 | Vaults:2 | Found Uloadghy's Assorted Antiques.
  9451 | Vaults:2 | Bought a runed helmet for 126 gold pieces
  9451 | Vaults:2 | Bought a golden potion for 25 gold pieces
  9472 | Vaults:2 | 26/16/24
  9622 | Vaults:2 | Reached skill level 19 in Unarmed Combat
  9628 | Vaults:2 | Reached skill level 10 in Dodging
  9812 | Vaults:2 | Found a staircase to the Crypt.
  9818 | Vaults:2 | Got a steaming cloak
  9829 | Vaults:2 | Identified the +3 cloak of Time Monsters {rElec rF- Dex+9 Stlth-} (You found it on level 2 of the Vaults)
  9832 | Vaults:2 | 27/17/25
  9842 | Vaults:2 | 24/20/25
  9931 | Vaults:4 | Learned a level 2 spell: Repel Missiles
 10026 | Vaults:4 | Reached skill level 1 in Air Magic
 10039 | Vaults:4 | Reached skill level 1 in Spellcasting
 10039 | Vaults:4 | Reached skill level 1 in Charms
 10114 | Vaults:4 | Paralysed by an orc sorcerer for 2 turns
 10288 | Vaults:4 | Reached XP level 19. HP: 143/170 MP: 22/22
 10336 | Vaults:5 | Entered Level 5 of the Vaults
 10350 | Vaults:5 | Noticed a lich
 10390 | Vaults:4 | HP: 3/171 [orc warrior/trident of distortion[an orc knight] (22)]
 10392 | Vaults:4 | Mangled by a deep troll

Vault maps used:
D:1:      dpeg_arrival_ternary
D:2:      wad_woods_pond, nicolae_overflow_hidden_temple,
          gammafunk_temple_overflow_elements, uniq_crazy_yiuf_cottage,
          uniq_natasha
D:3:      minmay_unequal
D:4:      first_bread
D:5:      uniq_sigmund, uniq_pikel
D:6:      lemuel_angel_altar
D:7:      overflow_temple_1_default
D:8:      david_lair_shrubbed, enter_bailey_3
D:9:      orc_0_dummy, basic_altar, uniq_maurice, uniq_erica
D:12:     serial_shops, shop
D:13:     david_vaults_2, enter_trove_6, hangedman_pestilent_swarm,
          xom_confusion_cloud
D:14:     serial_bayou, serial_bayou_ford_a, serial_bayou_shore_a,
          serial_bayou_pond_b, serial_bayou_lagoon_a, evilmike_minifort
D:15:     grunt_enter_depths_hoard, serial_shops, shop, minmay_misc_feat_hallway
Temple:   dpeg_five_rooms_temple
Lair:1:   uniq_nergalle
Lair:2:   nicolae_swamp_entry_splash_gauntlet
Lair:3:   special_room, roderic_carrion_pond
Lair:4:   dummy_snake_entry, lab_entry_generic, grunt_megastairs_3,
          infiniplex_staircase_pool
Lair:5:   dragon1_lemuel, minmay_slime_entry_pillars, minmay_lair_drake_nest
Lair:6:   guppyfry_lair_end_dragon, lemuel_centaur_altar, lemuel_fruit_fields,
          lemuel_fruit_tree
Swamp:1:  evilmike_swamp_ruin_rubble_1, hangedman_swamp_lotus
Swamp:2:  evilmike_swamp_ruin_house_5
Swamp:3:  hangedman_swamp_ruin_wall, infiniplex_staircase_pool_2, uniq_roxanne
Swamp:4:  swamp
Snake:1:  basic_altar, nicolae_large_snake_swirl
Snake:2:  serial_shops, nicolae_shop_trees, serial_bayou_pond_a
Snake:3:  uniq_donald
Snake:4:  grunt_snake_rune_pools, portal_ice_cave_entry_dragon,
          grunt_megastairs_4
Vaults:1: v_misc_8, v_misc_4, nicolae_vaults_triangles, hangedman_vaults_impose,
          grunt_vaults_swirl, nicolae_vaults_circle_grid_b, v_rooms_6,
          vaults_room_fancy_cross, ontoclasm_vaults_gateway, v_misc_24,
          vaults_room_pool, nicolae_vaults_network_periphery,
          dpeg_vaults_monster_box
Vaults:2: nicolae_vaults_stairing_the_circle, minmay_crypt_entry_simple_statues,
          grunt_vaults_hallway_long, v_misc_23, vaults_mumra_bighexcomb,
          vaults_mumra_hex, vaults_room_door_ring, nicolae_vaults_shelves_hall,
          vaults_mumra_lcd, vaults_dpeg_hooks, ontoclasm_vaults_pinch,
          serial_shops, nicolae_shop_stone
Vaults:3: nicolae_vaults_little_squares_5, nicolae_vaults_ring_of_whatevers,
          hangedman_vaults_nodes, v_misc_3, ontoclasm_vaults_tryst, v_misc_5,
          hangedman_vaults_nails, vaults_room_fours, v_misc_11,
          vaults_dpeg_diagonal, ontoclasm_vaults_bender, v_misc_14
Vaults:4: ontoclasm_vaults_ring_square, v_misc_3, nicolae_vaults_circle_grid_b,
          v_rooms_2, v_misc_18, v_pattern_1, hangedman_vaults_slither,
          ontoclasm_vaults_eye, ontoclasm_vaults_decontamination,
          v_alt_pattern_4, nicolae_vaults_angled_halls, v_misc_17,
          nicolae_vaults_little_squares_3
Vaults:5: serial_shops
Lab:      nicolae_lab_plus, lab_hedge, nicolae_lab_statue,
          labyrinth_skeletal_remains, nicolae_lab_dead_end, nicolae_lab_do_over,
          nicolae_lab_garden, nicolae_lab_flowing_pool, labyrinth_lava_lair,
          nicolae_lab_grate_2, nicolae_lab_blocks
IceCv:    ice_cave_caverns_02

Skill      XL: |  1  2  3  4  5  6  7  8  9 10 11 12 13 14 15 16 17 18 19 |
---------------+----------------------------------------------------------+-----
Unarmed Combat | 4 5 6 9 11 13 14 15 16 17 18 19 | 19.2
Fighting       | 4 5 7 8 10 11 13 14 15 | 15.6
Invocations    | 5 |  5.6
Shields        | 1 4 5 7 9 10 11 | 11.9
Armour         | 2 5 7 9 10 11 12 | 12.7
Dodging        | 3 4 7 8 9 10 | 10.4
Air Magic      | 3 4 |  4.7
Spellcasting   | 3 4 |  4.5
Charms         | 3 4 |  4.9
Stealth        | |  2.1

Action                   |  1- 3 |  4- 6 |  7- 9 | 10-12 | 13-15 | 16-18 | 19-21 || total
-------------------------+-------+-------+-------+-------+-------+-------+-------++-------
Melee: Unarmed           |    63 |   101 |   234 |   504 |   890 |  1030 |    61 ||  2883
       Punch             |     2 |     2 |     8 |       |       |       |       ||    12
Throw: Throwing net      |       |       |       |     1 |       |       |       ||     1
 Cast: Repel Missiles    |       |       |       |       |       |       |     1 ||     1
Invok: Slouch            |       |       |       |     4 |    10 |     8 |     4 ||    26
       Bend Time         |       |       |       |     1 |     4 |       |       ||     5
       Temporal Distorti |       |       |       |       |    12 |     7 |       ||    19
       Step From Time    |       |       |       |       |       |       |     1 ||     1
 Abil: Evoke Flight      |       |       |       |     1 |     3 |     3 |       ||     7
       Stop Flying       |       |       |       |       |     1 |     2 |       ||     3
Evoke: Wand              |       |       |     3 |    15 |     6 |     2 |       ||    26
       Fan of gales      |       |       |       |     1 |       |       |       ||     1
  Use: Potion            |       |     1 |     1 |       |     5 |     3 |       ||    10
       Scroll            |       |       |    16 |    10 |     8 |     8 |     3 ||    45
 Stab: Sleeping          |     2 |     1 |       |       |       |       |       ||     3
       Paralysed         |       |       |     3 |       |       |       |       ||     3
       Held in net/web   |       |       |       |     1 |       |       |       ||     1
       Confused          |       |       |       |       |       |     3 |       ||     3
  Eat: Chunk             |     5 |    10 |    17 |    57 |    83 |    56 |     3 ||   231
       Beef jerky        |       |       |     1 |       |       |     1 |       ||     2
       Royal jelly       |       |       |     1 |       |       |       |       ||     1
Armor: Robe              |    12 |    18 |       |       |       |       |       ||    30
       Ring mail         |       |     7 |    11 |       |       |       |       ||    18
       Scale mail        |       |       |    64 |    55 |       |       |       ||   119
       Plate armour      |       |       |       |    54 |   298 |   217 |       ||   569
       Fire dragon armou |       |       |       |       |       |    23 |    12 ||    35
Dodge: Dodged            |    33 |    53 |    97 |    75 |   162 |   296 |    31 ||   747
       Deflected         |       |       |       |       |       |       |     2 ||     2
Block: Large shield      |       |       |    62 |   398 |   924 |   971 |   112 ||  2467
